 Dungeon Crawl Stone Soup version 0.27-a0-295-ge1136d6ca4 (webtiles) character file.

Game seed: 8092127192189213391

5447 EldarEldrad the Cleaver (level 10, -30/81 HPs)
             Began as a Minotaur Berserker on Feb 10, 2021.
             Was a Priest of Trog.
             Killed from afar by a deep elf annihilator (63 damage)
             ... with an iron shot
             ... on level 10 of the Dungeon.
             The game lasted 00:29:24 (10292 turns).

EldarEldrad the Cleaver (Minotaur Berserker)       Turns: 10292, Time: 00:29:24

Health: -30/81     AC: 17    Str: 27    XL:     10   Next: 41%
Magic:  9/9        EV:  9    Int:  4    God:    Trog [***...]
Gold:   432        SH:  5    Dex: 11    Spells: 9/9 levels left

rFire    . . .     SeeInvis .   a - +0 war axe
rCold    . . .     Faith    .   (no shield)
rNeg     + . .     Spirit   .   l - +2 chain mail {Will+}
rPois    .         Reflect  +   (helmet restricted)
rElec    .         Harm     .   (no cloak)
rCorr    +         Rampage  .   r - +0 pair of gloves {Str+3}
Will     +....                  h - +0 pair of boots
Stlth    ..........             n - amulet of reflection
HPRegen  0.23/turn              F - ring of resist corrosion
MPRegen  0.11/turn              z - ring of positive energy

@: berserk cooldown, hasted and slowed
A: retaliatory headbutt, horns 2
a: Renounce Religion, Berserk, Trog's Hand


You were on level 10 of the Dungeon.
You worshipped Trog.
Trog was most pleased with you.
You visited 2 branches of the dungeon, and saw 11 of its levels.

You collected 612 gold pieces.
You spent 180 gold pieces at shops.

Inventory:

Hand Weapons
 a - a +0 war axe (weapon)
 b - the +9 whip of Action {elec, Str+2}
   (You found it on level 8 of the Dungeon)

   Occasionally, upon striking a foe, it can discharge electrical energy and
   cause terrible harm.
   It affects your strength (+2).
Missiles
 q - 69 poisoned darts (quivered)
Armour
 h - a +0 pair of boots (worn)
 l - a +2 chain mail of willpower (worn)
 r - a +0 pair of gloves of strength (worn)
 I - a +0 plate armour
Jewellery
 n - an amulet of reflection (around neck)
 z - a ring of positive energy (right hand)
 F - a ring of resist corrosion (left hand)
Wands
 s - a wand of iceblast (9)
 v - a wand of flame (47)
 C - a wand of random effects (21)
 D - a wand of polymorph (5)
 H - a wand of paralysis (15)
Scrolls
 c - 5 scrolls of teleportation
 d - 2 scrolls of enchant armour {unknown}
 e - 6 scrolls of remove curse
 g - 2 scrolls of silence {unknown}
 i - 4 scrolls of enchant weapon {unknown}
 j - 2 scrolls of identify
 o - 3 scrolls of immolation {unknown}
 p - a scroll of fog
 y - 2 scrolls of amnesia {unknown}
 A - a scroll of noise {unknown}
 B - a scroll of blinking {unknown}
 E - a scroll of magic mapping {unknown}
 G - a scroll of fear {unknown}
 J - a scroll of summoning {unknown}
 K - a scroll of random uselessness {unknown}
Potions
 f - a potion of curing
 k - 2 potions of mutation
 m - 3 potions of heal wounds {unknown}
 t - 2 potions of flight {unknown}
 u - a potion of lignification
 w - a potion of cancellation
 x - 2 potions of haste


   Skills:
 - Level 5.0 Fighting
 - Level 14.0 Axes
 + Level 11.6 Armour
 - Level 2.1 Dodging


You had 9 spell levels left.
You didn't know any spells.
Your spell library was empty.

Dungeon Overview and Level Annotations

Branches:
Dungeon (10/15)            Temple (1/1) D:5
   Lair: D:8-11         Orc: D:9-12

Altars:
Ashenzari
Cheibriados
Dithmenos
Elyvilon
Fedhas
Gozag
Hepliaklqana
Kikubaaqudgha
Makhleb
Nemelex Xobeh
Okawaru
Qazlal
Ru
Sif Muna
Trog
Uskayaw
Vehumet
Wu Jian
Xom
Yredelemnul
Zin
The Shining One

Shops:
D:7 [   D:8 *


Innate Abilities, Weirdness & Mutations

You reflexively headbutt those who attack you in melee.
You have a pair of horns on your head.


Message History

Found a scroll of identify and a scroll labelled DEQOUS HUXT.
A jackal comes into view.
A jackal comes into view.
You see here a scroll of identify.
g - 2 scrolls labelled DEQOUS HUXT (gained 1)
There are no items here.
The deep elf annihilator gestures at you while chanting.
The bolt of lightning misses you.
You see here a scroll of identify.
j - 2 scrolls of identify (gained 1)
The deep elf annihilator gestures wildly while chanting.
The deep elf annihilator blinks!
The deep elf annihilator points at you and mumbles some strange words.
The bolt of lightning hits you!!
You feel the effects of Trog's Hand fading.
The deep elf annihilator casts a spell at you.
The iron shot hits you!!
A red film seems to cover your vision as you go berserk!
You feel yourself moving faster!
You feel mighty!
The deep elf annihilator barely misses you.
You barely miss the deep elf annihilator.
The deep elf annihilator mumbles some strange words.
The deep elf annihilator blinks!
You feel a strong urge to attack something.
You hit the deep elf annihilator.
The deep elf annihilator is lightly wounded.
You are no longer berserk.
You are exhausted.
You feel yourself slow down.
The deep elf annihilator hits you with a +0 rapier.
You slash the deep elf annihilator!
Your headbutt misses the deep elf annihilator.
The deep elf annihilator is moderately wounded.
The deep elf annihilator hits you but does no damage.
You feel yourself speed up.
Your skin stops crawling.
You feel less strong-willed.
The deep elf annihilator gestures at you while chanting.
The iron shot hits you!!!
Ouch! That really hurt!
You die...

...............######...
..............<....#...
...................#...
..................#...
≈≈≈≈≈≈...........#... .
##.##≈≈.....######... ...
##...##≈.)...#........
....≈#.....#≈.#####........
.....h....@e......#........
....≈#.[...#≈.....#........
.... ##...##≈.....#...>....
... ##.##≈≈.....#........
.. ≈≈≈≈≈≈......#........ .
.............#........
..............#........
..............#........
#........


You could see a deep elf annihilator and a jackal.

Vanquished Creatures
  A two-headed ogre (D:10)
  An orc sorcerer (D:10)
  A centaur skeleton (D:10)
  Grinder (D:3)
  Sigmund (D:4)
  2 wyverns (D:8)
  2 wraiths (D:10)
  Menkaure (D:7)
  2 water moccasins
  A soldier ant (D:10)
  2 orc warriors (D:8)
  An eye of draining (D:5)
  2 black bears
  3 ogres
  3 centaurs
  4 phantoms
  4 bullfrogs
  A kobold brigand (D:9)
  2 scorpions
  5 wights (D:8)
  A bullfrog zombie (D:6)
  A bullfrog skeleton (D:7)
  2 jellies (D:5)
  2 orc priests
  4 hounds
  Terence (D:2)
  Natasha (thrice) (D:4)
  4 orc wizards (D:8)
  4 worker ants
  A hound zombie (D:6)
  A hound skeleton (D:10)
  A worker ant zombie (D:5)
  3 gnolls (D:6)
  8 adders
  3 shadow imps
  3 white imps
  2 ufetubi
  2 adder skeletons (D:5)
  2 adder zombies
  4 worms
  5 dart slugs
  4 leopard geckos
  12 orcs
  2 ball pythons
  4 bats
  3 giant cockroaches
  6 goblins
  5 hobgoblins
  11 jackals
  6 quokkas
  6 frilled lizards
  12 kobolds
  2 leopard gecko skeletons
  A quokka skeleton (D:6)
  A quokka zombie (D:7)
  5 rats
177 creatures vanquished.

Notes
Turn   | Place    | Note
-------+----------+-------------------------------------------
     0 | D:1      | EldarEldrad the Minotaur Berserker began the quest for the
                  | Orb.
     0 | D:1      | Reached XP level 1. HP: 19/19 MP: 0/0
   222 | D:1      | Reached skill level 4 in Axes
   442 | D:1      | Reached XP level 2. HP: 26/26 MP: 1/1
  1237 | D:2      | Reached skill level 5 in Axes
  1348 | D:2      | Reached XP level 3. HP: 31/31 MP: 2/2
  1503 | D:2      | Found a glowing golden altar of the Shining One.
  1690 | D:2      | Reached ** piety under Trog
  1812 | D:2      | Noticed Terence
  1817 | D:2      | Killed Terence
  1818 | D:2      | Reached skill level 6 in Axes
  1818 | D:2      | Reached XP level 4. HP: 39/39 MP: 3/3
  2533 | D:3      | Noticed Grinder
  2535 | D:3      | Paralysed by Grinder for 7 turns
  2561 | D:3      | Killed Grinder
  2562 | D:3      | Reached skill level 8 in Axes
  2562 | D:3      | Reached XP level 5. HP: 6/45 MP: 4/4
  2562 | D:3      | Reached XP level 6. HP: 7/51 MP: 5/5
  3092 | D:4      | Noticed Natasha
  3097 | D:4      | Killed Natasha
  3512 | D:4      | Noticed Sigmund
  3522 | D:4      | Killed Sigmund
  3523 | D:4      | Reached skill level 9 in Axes
  3523 | D:4      | Reached XP level 7. HP: 57/57 MP: 6/6
  3693 | D:4      | Noticed Natasha
  3699 | D:4      | Killed Natasha
  4032 | D:4      | Noticed Natasha
  4039 | D:4      | Killed Natasha
  4040 | D:4      | Reached skill level 10 in Axes
  4079 | D:5      | Entered Level 5 of the Dungeon
  4657 | D:5      | Found a burning altar of Makhleb.
  4738 | D:5      | Found a glowing silver altar of Zin.
  4771 | D:5      | Reached skill level 11 in Axes
  5508 | D:5      | Found a staircase to the Ecumenical Temple.
  5514 | Temple   | Entered the Ecumenical Temple
  5902 | D:6      | Reached XP level 8. HP: 64/64 MP: 7/7
  6162 | D:6      | Reached skill level 12 in Axes
  6562 | D:6      | Reached skill level 13 in Axes
  6874 | D:7      | Noticed Menkaure
  6887 | D:7      | Killed Menkaure
  7348 | D:7      | Reached XP level 9. HP: 70/70 MP: 8/8
  7541 | D:7      | Found Qetu's Armour Shoppe.
  7721 | D:8      | Reached *** piety under Trog
  7734 | D:8      | Reached skill level 14 in Axes
  7800 | D:8      | Found Vige's Changing Room.
  7830 | D:8      | Bought a wand of polymorph (5) for 84 gold pieces
  7830 | D:8      | Bought a potion of mutation for 96 gold pieces
  7858 | D:8      | Reached skill level 5 in Fighting
  8101 | D:8      | Got a glimmering whip
  8102 | D:8      | Identified the +9 whip of Action {elec, Str+2} (You found
                  | it on level 8 of the Dungeon)
  8202 | D:8      | Reached skill level 5 in Armour
  8891 | D:9      | Found an iron altar of Okawaru.
  8900 | D:9      | Found a stormy altar of Qazlal.
  8991 | D:9      | Found a basalt altar of Yredelemnul.
  9646 | D:10     | Entered Level 10 of the Dungeon
  9670 | D:10     | Noticed a two-headed ogre
  9685 | D:10     | Killed a two-headed ogre
  9686 | D:10     | Reached XP level 10. HP: 81/81 MP: 9/9
  9737 | D:10     | Reached skill level 10 in Armour
 10220 | D:10     | Reached **** piety under Trog
 10259 | D:10     | Noticed a deep elf annihilator
 10259 | D:10     | Noticed an orc sorcerer
 10268 | D:10     | Killed an orc sorcerer
 10292 | D:10     | Killed from afar by a deep elf annihilator

Illustrated notes

Levels and vault maps discovered:
D:1:      erik_arrival_blinker_ship, layout_basic
D:2:      layout_basic, nicolae_tso_carved_into_rock, uniq_terence
D:3:      layout_basic, portal_sewer_entry_d, minmay_door_square,
          amcnicky_mini_pool_small, uniq_grinder
D:4:      layout_loops_ring, grunt_ministairs_15, uniq_sigmund, uniq_natasha
D:5:      layout_layer_cave, makhleb_blood_cavern_becter, zin_academy,
          minmay_temple_entry_enclosed_plants
D:6:      layout_loops_ring
D:7:      layout_basic, serial_shops, shop, corexii_leaking_fountain,
          uniq_menkaure
D:8:      layout_gridville, nicolae_transmutations_shop
D:9:      layout_loops_corners, kennysheep_mini, amethyst_overflow_temple_binary
D:10:     cheibrodos_wizards_tower, layout_grid_maze
Temple:   regret_index_temple_sphere_string

Skill      XL: |  1  2  3  4  5  6  7  8  9 10 |
---------------+-------------------------------+-----
Axes           | 4 5 6 8 9 11 13 14 | 14.0
Fighting       | 5 |  5.0
Armour         | 9 11 | 11.6
Dodging        | |  2.1

Action                   |  1- 3 |  4- 6 |  7- 9 | 10-12 || total
-------------------------+-------+-------+-------+-------++-------
Melee: Hand axe          |    58 |    95 |    82 |       ||   235
       Headbutt          |    10 |    18 |    55 |    13 ||    96
       War axe           |       |       |   241 |    64 ||   305
Throw: Stone             |    35 |     3 |     9 |       ||    47
       Dart              |       |       |    29 |    10 ||    39
Invok: Berserk           |     2 |     2 |     2 |     1 ||     7
       Trog's Hand       |       |     2 |     3 |     1 ||     6
  Use: Scroll            |       |       |     9 |       ||     9
       Potion            |       |       |       |     1 ||     1
 Stab: Sleeping          |     1 |       |       |       ||     1
Armor: Animal skin       |     4 |       |       |       ||     4
       Chain mail        |    12 |    38 |   101 |    26 ||   177
Dodge: Dodged            |    24 |    18 |    95 |    19 ||   156
Block: Other             |       |       |    40 |     6 ||    46
       Reflection        |       |       |     1 |       ||     1

Table legend: (Time is in decaauts)
 A = Elapsed time spent in this place.
 B = Non-inter-level travel time spent in this place.
 C = Inter-level travel time spent in this place.
 D = Time resting spent in this place.
 E = Time spent auto-exploring this place.
 F = Levels seen in this place.
 G = Mean time per level.
                   A        B        C        D        E       F      G
               +--------+--------+--------+--------+--------+-----+--------+
         Total |  10288 |   9707 |    581 |    609 |   7274 |  11 |  935.3 |
       Dungeon |  10102 |   9549 |    553 |    609 |   7117 |  10 | 1010.2 |
        Temple |    186 |    158 |     28 |      0 |    157 |   1 |  186.0 |
               +--------+--------+--------+--------+--------+-----+--------+

Top non-repeatable levels by time:
     D:5: 1609 daAuts
     D:2: 1296 daAuts
     D:4: 1067 daAuts
     D:8: 1002 daAuts
     D:3: 952 daAuts
     D:9: 948 daAuts
     D:6: 929 daAuts
     D:7: 851 daAuts
     D:1: 812 daAuts
    D:10: 632 daAuts
  Temple: 186 daAuts
